 Dungeon Crawl Stone Soup version 0.28.0-53-g5a82cb258f (webtiles) character file.

Game seed: 7171442145066332689

34 Gabide the Grave Robber (level 3, -2/24 HPs)
             Began as a Mummy Necromancer on May 24, 2022.
             Was a Follower of Nemelex Xobeh.
             Slain by a gnoll
             ... wielding a +0 club
              (3 damage)
             ... on level 2 of the Dungeon.
             The game lasted 00:03:37 (2023 turns).

Gabide the Grave Robber (Mummy Necromancer)         Turns: 2023, Time: 00:03:38

Health: -2/24      AC:  3    Str: 13    XL:     3   Next: 14%
Magic:  1/7        EV: 11    Int: 14    God:    Nemelex Xobeh [*.....]
Gold:   59         SH:  0    Dex: 12    Spells: 6/8 levels left

rFire   . . .      SeeInvis .   h - +0 spear
rCold   . . .      Faith    .   (no shield)
rNeg    + + +      Spirit   .   b - +0 leather armour
rPois   ∞          Reflect  .   (no helmet)
rElec   .          Harm     .   (no cloak)
rCorr   .          Rampage  .   (no gloves)
Will    .....                   (no boots)
Stlth   +.........              (no amulet)
HPRegen 0.08/turn               e - ring of fire
MPRegen 0.10/turn               (no ring)

@: no status effects
A: cold resistance 1, negative energy resistance 3, torment resistance 2, heat
vulnerability 1, no potions
a: Renounce Religion, Draw Escape, Draw Destruction, Draw Summoning


You were on level 2 of the Dungeon.
You worshipped Nemelex Xobeh.
Nemelex Xobeh was aware of your devotion.
You visited 1 branch of the dungeon, and saw 3 of its levels.

You collected 59 gold pieces.

Inventory:

Hand Weapons
 h - a +0 spear (weapon)
Missiles
 i - a throwing net
Armour
 a - a +0 robe
 b - a +0 leather armour (worn)
 c - a scarf of harm
 f - a +0 scale mail
Jewellery
 e - a ring of fire (left hand)
Scrolls
 d - a scroll of identify
 g - 2 scrolls of fog
 j - a scroll of amnesia {unknown}


   Skills:
 - Level 1.1 Short Blades
 + Level 1.6 Polearms
 - Level 1.5 Dodging
 - Level 1.5 Stealth
 - Level 3.0 Spellcasting
 - Level 4.0 Necromancy


You had 6 spell levels left.
You knew the following spells:

 Your Spells              Type           Power      Damage    Failure   Level
a - Pain                  Necr           52%        1d6       5%          1
b - Animate Skeleton      Necr           26%        N/A       5%          1

Your spell library contained the following spells:

 Spells                   Type           Power      Damage    Failure   Level
 Vampiric Draining        Necr           13%        2d6       16%         3
 Animate Dead             Necr           6%         N/A       45%         4
 Agony                    Necr           13%        N/A       82%         5


Dungeon Overview and Level Annotations

Branches:
Dungeon (3/15)

Altars:
Nemelex Xobeh

Annotations:
D:2 exclusion: worm


Innate Abilities, Weirdness & Mutations

You are immune to poison.
Your flesh is cold resistant. (rC+)
You are immune to negative energy. (rN+++)
You are immune to unholy pain and torment.
You are vulnerable to heat. (rF-)
You do not drink.


Message History

Your magical contamination has completely faded away.
You hit the gnoll.
The gnoll is lightly wounded.
The gnoll hits you with a +0 club. The gnoll hits you but does no damage.
You barely miss the gnoll.
The gnoll is lightly wounded.
The gnoll hits you with a +0 club. The gnoll barely misses you.
You hit the gnoll but do no damage.
The gnoll is lightly wounded.
The gnoll barely misses you. The gnoll completely misses you.
Aiming: Pain (safe; 5% risk of failure)
Press: ? - help, Q - select action, (/) - cycle Shift-Dir - straight line, f/p - gnoll
Aim: a gnoll, wielding a +0 club (moderately wounded, chance to affect: 76%)
The gnoll writhes in agony.
The gnoll barely misses you. x2
Unknown command.
You closely miss the gnoll.
The gnoll is almost dead.
The gnoll misses you. The gnoll closely misses you.
You hit the gnoll.
The gnoll is almost dead.
The gnoll misses you. The gnoll hits you with a +0 club!
You hit the gnoll but do no damage.
The gnoll is almost dead.
The gnoll closely misses you. The gnoll hits you with a +0 club.
* * * LOW HITPOINT WARNING * * *
You closely miss the gnoll.
The gnoll is almost dead.
The gnoll hits you with a +0 club.
* * * LOW HITPOINT WARNING * * *
The gnoll hits you but does no damage.
You closely miss the gnoll.
The gnoll is almost dead.
The gnoll misses you. The gnoll barely misses you.
As you read the scroll labelled LASOAGHE CERGH, it crumbles to dust.
It is a scroll of identify.
g - 2 scrolls of fog The gnoll hits you with a +0 club.
You die...
Your body disappears without a glow.

########.###....#
#######........#
#.......).##...#
#.........'....#
#.........##..###
#.........##....#
#.........#####.#
########......##g#
.......'......+g@#
########......####
#...(..# #......#
#......# #......#
#......# ########


You could see 2 gnolls.

Vanquished Creatures
  An adder (D:2)
  2 dart slugs (D:2)
  4 endoplasms
  3 goblins
  A hobgoblin (D:1)
  A kobold (D:2)
  2 quokkas
  2 ball pythons (D:2)
  2 bats
  A frilled lizard (D:2)
  A rat (D:1)
20 creatures vanquished.

Vanquished Creatures (others)
  A fungus (D:1)
1 creature vanquished.

Grand Total: 21 creatures vanquished

Notes
Turn   | Place    | Note
-------+----------+-------------------------------------------
     0 | D:1      | Gabide the Mummy Necromancer began the quest for the Orb.
     0 | D:1      | Reached XP level 1. HP: 13/13 MP: 4/4
   174 | D:1      | You fall into a shaft and drop 1 floor!
   362 | D:2      | Reached skill level 1 in Short Blades
   362 | D:2      | Reached XP level 2. HP: 9/19 MP: 0/6
   552 | D:2      | Reached skill level 1 in Polearms
   678 | D:2      | Learned a level 1 spell: Animate Skeleton
  1445 | D:1      | Reached XP level 3. HP: 24/24 MP: 5/7
  1886 | D:1      | Found a faded altar of an unknown god.
  1892 | D:1      | Prayed at the altar of an unknown god.
  1892 | D:1      | Became a worshipper of Nemelex Xobeh the Trickster
  1892 | D:1      | Reached * piety under Nemelex Xobeh
  2021 | D:2      | HP: 1/24 [gnoll/+0 club (3)]
  2023 | D:2      | Slain by a gnoll

Illustrated notes

Levels and vault maps discovered:
D:1:      elethiomel_arrival_quiet, layout_loops_corners,
          shapermc_ecumenical_altar_mp_urbaneastern, minmay_tetromino_o2
D:2:      layout_basic
D:3:      layout_loops_ring, lemuel_doored_altar, serial_shops,
          nicolae_shop_stone, uniq_grinder, uniq_crazy_yiuf_cottage,
          uniq_terence

Skill      XL: |  1  2 |
---------------+-------+-----
Spellcasting   | 3 |  3.0
Short Blades   | 1 |  1.1
Polearms       | 1 |  1.6
Dodging        | |  1.5
Stealth        | |  1.5
Necromancy     | |  4.0

Action                   || total
-------------------------++-------
Melee: Short sword       ||     8
       Spear             ||    12
 Cast: Pain              ||    47
       Animate Skeleton  ||     1
  Use: Scroll            ||     1
Armor: Robe              ||     2
       Leather armour    ||     3
Dodge: Dodged            ||    20
